 Dungeon Crawl Stone Soup version 0.21.1-1-g345015fe64 (webtiles) character file.

186 Lentor the Slasher (level 5, -6/48 HPs)
             Began as a Minotaur Berserker on June 9, 2018.
             Was a Believer of Trog.
             Mangled by Sigmund
             ... wielding a +0 scythe
              (8 damage)
             ... on level 3 of the Dungeon.
             The game lasted 00:04:33 (2098 turns).

Lentor the Slasher (Minotaur Berserker)             Turns: 2098, Time: 00:04:34

Health: -6/48      AC:  5    Str: 22    XL:     5   Next: 38%
Magic:  4/4        EV: 11    Int:  4    God:    Trog [**....]
Gold:   127        SH:  0    Dex: 10    Spells: 4/4 levels left

rFire    . . .     SeeInvis .   a - +0 falchion
rCold    . . .     Gourm    .   (no shield)
rNeg     + . .     Faith    .   q - +0 ring mail {rN+}
rPois    .         Spirit   .   (helmet restricted)
rElec    .         Reflect  .   (no cloak)
rCorr    .         Harm     .   (no gloves)
MR       .....                  (no boots)
Stlth    ..........             (no amulet)
HPRegen  0.16/turn              (no ring)
MPRegen  0.09/turn              (no ring)

@: berserk cooldown, slowed, very slow
A: retaliatory headbutt, horns 2
a: Berserk, Trog's Hand, Burn Spellbooks, Renounce Religion


You were on level 3 of the Dungeon.
You worshipped Trog.
Trog was pleased with you.
You were hungry.

You visited 1 branch of the dungeon, and saw 3 of its levels.

You collected 127 gold pieces.

Inventory:

Hand Weapons
 a - a +0 falchion (weapon)
Armour
 q - a +0 ring mail of positive energy (worn)
Scrolls
 d - 3 scrolls of fear
 g - a scroll of remove curse
 j - 4 scrolls of identify {unknown}
 l - a scroll of blinking {unknown}
 n - a scroll of teleportation {unknown}
 o - a scroll of fog {unknown}
Potions
 b - a potion of heal wounds {unknown}
 h - a potion of curing
 i - a potion of invisibility {unknown}
 m - 2 potions of haste {unknown}
Comestibles
 c - 3 rations


   Skills:
 + Level 5.2 Fighting
 + Level 5.8 Long Blades
 + Level 3.1 Armour
 + Level 2.5 Dodging


You had 4 spell levels left.
You didn't know any spells.

Dungeon Overview and Level Annotations

Branches:
Dungeon (3/15)

Altars:
Gozag

Annotations:
D:3 Sigmund


Innate Abilities, Weirdness & Mutations

You reflexively headbutt those who attack you in melee.
You have a pair of horns on your head.


Message History

The magic dart hits you!
You hear some strange, mumbled words.
A puff of flame appears from out of thin air!
The puff of flame hits you!
You see here a ration.
Something hits you.
You miss something. Your headbutt misses something. Something hits you.
You miss something. Something hits you but does no damage.
You miss something. Something hits you but does no damage.
You closely miss something. Something hits you!
* * * LOW HITPOINT WARNING * * *
A goblin comes into view.
It was a potion of curing.
You feel better.
The goblin shouts!
Something hits you!
* * * LOW HITPOINT WARNING * * *
The worm bites you!
* * * LOW HITPOINT WARNING * * *
You slash something! Something hits you!
You die...

,,,,,,,,* ,,,,,,,,*###########
,,,>,,,,*..........# ********
,,,,,,,,*..........# *,,,,,,*
,,,,,,,,,..........# *,,,.,,*
,,,,,,,,,..........# *,,..,,* *
********,...g......#####....,,***
*,......w)...........,,,,,
**......{@%.####.....,,,,,
*########)(.).......,,,,,
###########.....$..,,,,,
#......#.(.........,,,,, ***
###........†.........,,,,, ,,*
*#........#####.......**,,, ,,*
*..####.### *...###.,*,,,
,,*****,** #..### ##.### **,,,,,
,<,,,,,,****##...# #<.# ***,,,


You could see a worm and a goblin.

Vanquished Creatures
  8 gnolls (D:3)
  4 adders
  An ooze (D:2)
  2 dart slugs
  3 leopard geckos (D:2)
  8 orcs (D:3)
  A ball python (D:3)
  4 bats
  2 giant cockroaches
  8 goblins
  5 hobgoblins
  6 kobolds
  A quokka (D:2)
  A frilled lizard (D:1)
  7 rats
61 creatures vanquished.

Notes
Turn   | Place    | Note
-------+----------+-------------------------------------------
     0 | D:1      | Lentor the Minotaur Berserker began the quest for the Orb.
     0 | D:1      | Reached XP level 1. HP: 19/19 MP: 0/0
   368 | D:1      | Reached XP level 2. HP: 20/27 MP: 1/1
   739 | D:1      | .
  1058 | D:2      | Reached XP level 3. HP: 33/34 MP: 2/2
  1521 | D:2      | Reached ** piety under Trog
  1618 | D:2      | Reached XP level 4. HP: 34/41 MP: 3/3
  1650 | D:2      | Found an opulent altar of Gozag.
  1762 | D:3      | Reached skill level 5 in Long Blades
  1768 | D:3      | Reached skill level 5 in Fighting
  1984 | D:3      | Reached XP level 5. HP: 48/48 MP: 4/4
  2081 | D:3      | Noticed Sigmund
  2097 | D:3      | HP: 2/48 [worm (7)]
  2098 | D:3      | Mangled by Sigmund

Skill      XL: |  1  2  3  4  5 |
---------------+----------------+-----
Fighting       | 4 5 |  5.2
Long Blades    | 4 5 |  5.8
Armour         | 3 |  3.1
Dodging        | |  2.5

Action                   |  1- 3 |  4- 6 || total
-------------------------+-------+-------++-------
Melee: Falchion          |    67 |    57 ||   124
       Headbutt          |     9 |     7 ||    16
Invok: Berserk           |       |     2 ||     2
  Use: Scroll            |       |     4 ||     4
       Potion            |       |     1 ||     1
  Eat: Chunk             |     1 |     4 ||     5
Armor: Leather armour    |     8 |       ||     8
       Animal skin       |     1 |       ||     1
       Plate armour      |    13 |    36 ||    49
       Ring mail         |       |    14 ||    14
Dodge: Dodged            |    33 |    42 ||    75
       Rpst.: Falchion   |    11 |     5 ||    16
